[Event "Titled Tuesday Blitz August 16 Early 2022"]
[White "Gubanov, Oleg"]
[Black "Taichman, Ori"]
[WhiteFideId "14115115"]
[BlackFideId "2804069"]
[WhiteElo "2080"]
[BlackElo "2227"]
[Result "0-1"]
[Round "01"]
[TimeControl "180+2"]
[Date "2022.08.18"]
[WhiteClock "0:00:00"]
[BlackClock "0:00:00"]

1. e4 c5 2. c3 d6 3. d4 Nf6 4. Bd3 e5 5. Nf3 Nc6 6. d5 Ne7 7. h3 g6 8. Nbd2 Bg7 9. a4 O-O 10. Nc4 Nh5 11. O-O h6 12. b4 b6 13. Ra2 Nf4 14. Bxf4 exf4 15. Re1 g5 16. Qc1 Ng6 17. bxc5 bxc5 18. Rd2 Re8 19. Bb1 Rb8 20. Qc2 Ba6 21. Na3 Ne5 22. Nxe5 Bxe5 23. Nb5 Bxb5 24. axb5 Rxb5 25. Ba2 Qf6 26. Rd3 Reb8 27. Qa4 Rb2 28. Qxa7 Bxc3 29. Rf1 Bd4 30. Bc4 Rxf2 31. Rxf2 Rb1+ 32. Kh2 Bxf2 0-1


[Site "https://www.chess.com"]

[Event "Titled Tuesday Blitz August 16 Early 2022"]
[White "Guz, Ari"]
[Black "Albertini, Luca"]
[WhiteFideId "2825759"]
[BlackFideId "847038"]
[WhiteElo "1913"]
[BlackElo "2207"]
[Result "1-0"]
[Round "01"]
[TimeControl "180+2"]
[Date "2022.08.18"]
[WhiteClock "0:00:00"]
[BlackClock "0:00:00"]

1. e4 e5 2. Nf3 Nc6 3. Bc4 Bc5 4. c3 Nf6 5. d4 exd4 6. cxd4 Bb4+ 7. Nc3 Nxe4 8. O-O Bxc3 9. d5 Bf6 10. Re1 Ne7 11. Rxe4 d6 12. g4 h6 13. h4 g6 14. g5 hxg5 15. hxg5 Bg7 16. Qe2 Bf5 17. Re3 Qd7 18. Bd2 O-O 19. Rxe7 Qa4 20. b3 Qa3 21. Re1 Qxa2 22. Bf4 Qxe2 23. R1xe2 Rfc8 24. Nh4 Bg4 25. f3 Bh5 26. Kg2 a6 27. Kg3 b5 28. Bd3 Rab8 29. Ra2 Ra8 30. b4 Bf8 31. Ree2 c5 32. dxc6 1-0


[Site "https://www.chess.com"]

[Event "Titled Tuesday Blitz August 16 Early 2022"]
[White "Hansen, Eric"]
[Black "Namitbir Singh Walia"]
[WhiteFideId "2606771"]
[BlackFideId "35071068"]
[WhiteElo "2568"]
[BlackElo "1664"]
[Result "1-0"]
[Round "01"]
[TimeControl "180+1"]
[Date "2022.08.16"]
[WhiteClock "0:00:07"]
[BlackClock "0:00:11"]

1. e4 e5 2. Nf3 Nc6 3. Bb5 a6 4. Ba4 Nf6 5. O-O Be7 6. Re1 b5 7. Bb3 d6 8. c3 O-O 9. h3 Nb8 10. d4 Nbd7 11. Nbd2 Bb7 12. Bc2 Re8 13. Nf1 Bf8 14. Ng3 g6 15. a4 Bg7 16. Bd3 exd4 17. cxd4 c5 18. d5 c4 19. Bc2 Nc5 20. Bd2 Nfd7 21. Bc3 Ne5 22. Nxe5 Bxe5 23. Qf3 Qd7 24. Bxe5 Rxe5 25. Qc3 Rae8 26. f4 R5e7 27. axb5 axb5 28. Rad1 Qc7 29. e5 Qb6 30. Kh2 dxe5 31. fxe5 Nd7 32. e6 fxe6 33. d6 Rf7 34. Be4 Nc5 35. Bxb7 Nxb7 36. Ne4 Rd8 37. Qe5 Qc6 38. Ng5 Nxd6 39. Nxf7 Nxf7 40. Rxd8+ Nxd8 41. Qb8 Qd7 42. Re5 Kg7 43. Rxb5 Nf7 44. Rb7 Qd5 45. Re7 e5 46. Qc7 e4 47. Qf4 Qf5 48. Qxe4 Qf6 49. Qe6 Qf4+ 50. Kg1 Qd4+ 51. Kh1 Qd1+ 52. Qe1 Qd4 53. Qc3 Qxc3 54. bxc3 Kf6 55. Rc7 Ne5 56. Kg1 h5 57. Kf2 Kf5 58. Ke3 g5 59. Rc5 g4 60. Kd4 Kf4 61. Rxe5 Kg3 62. Rxh5 1-0


[Site "https://www.chess.com"]

[Event "Titled Tuesday Blitz August 16 Early 2022"]
[White "Harsh Suresh"]
[Black "Mendez Fortes, Eduardo Jesus"]
[WhiteFideId "45018464"]
[BlackFideId "3502376"]
[WhiteElo "2070"]
[BlackElo "2307"]
[Result "1-0"]
[Round "01"]
[TimeControl "180+2"]
[Date "2022.08.18"]
[WhiteClock "0:00:00"]
[BlackClock "0:00:00"]

1. e4 e5 2. Nf3 Nc6 3. Bb5 Nf6 4. O-O Nxe4 5. Re1 Nd6 6. Nxe5 Be7 7. Bf1 Nxe5 8. Rxe5 O-O 9. Nc3 Bf6 10. Re1 Nf5 11. Nd5 c6 12. Nxf6+ Qxf6 13. c3 d5 14. d4 Nd6 15. g3 Bf5 16. Bf4 Rae8 17. Qa4 Nc8 18. h4 h6 19. Qb4 b6 20. a4 Be4 21. Bg2 Bxg2 22. Kxg2 Qf5 23. a5 g5 24. hxg5 hxg5 25. Bc7 Kg7 26. axb6 Rh8 27. Rxe8 Qh3+ 28. Kf3 Rxe8 29. Be5+ f6 30. b7 fxe5 31. bxc8=Q Qxc8 32. Rxa7+ Kg6 33. Qd6+ Re6 34. Qd7 Qf8+ 35. Kg2 Kf5 36. g4+ Ke4 37. Qxe6 Qf3+ 38. Kg1 Qd1+ 39. Kh2 Qf1 40. Qf5# 1-0


[Site "https://www.chess.com"]

[Event "Titled Tuesday Blitz August 16 Early 2022"]
[White "Horak, Martin"]
[Black "Lobanov, Sergei"]
[WhiteFideId "367095"]
[BlackFideId "24183750"]
[WhiteElo "1997"]
[BlackElo "2524"]
[Result "0-1"]
[Round "01"]
[TimeControl "180+1"]
[Date "2022.08.16"]
[WhiteClock "0:00:01"]
[BlackClock "0:00:14"]

1. d4 Nf6 2. Bg5 Ne4 3. h4 c5 4. d5 Qb6 5. Nd2 Nxg5 6. hxg5 g6 7. Qc1 Bg7 8. c3 Qc7 9. e4 d6 10. Ngf3 Nd7 11. a4 e6 12. dxe6 fxe6 13. Bc4 Nb6 14. Bb5+ Bd7 15. Qc2 O-O-O 16. O-O d5 17. Bxd7+ Nxd7 18. a5 h6 19. a6 b6 20. c4 hxg5 21. g3 g4 22. Ng5 Rh5 23. Rfe1 Rxg5 24. exd5 exd5 25. cxd5 Rxd5 26. Nc4 Ne5 27. Ne3 Nf3+ 28. Kf1 Rd2 29. Qe4 Kb8 30. Nc4 R2d4 31. Qe6 Rxc4 32. Qxc4 Nd2+ 0-1


[Site "https://www.chess.com"]

[Event "Titled Tuesday Blitz August 16 Early 2022"]
[White "Ianov, Viktor"]
[Black "Samadov, Read"]
[WhiteFideId "14102730"]
[BlackFideId "13417444"]
[WhiteElo "2152"]
[BlackElo "2084"]
[Result "0-1"]
[Round "01"]
[TimeControl "180+1"]
[Date "2022.08.16"]
[WhiteClock "0:01:23"]
[BlackClock "0:01:02"]

1. Nf3 Nf6 2. g3 d5 3. Bg2 c6 4. O-O Bf5 5. d3 e6 6. c4 Nbd7 7. Be3 Be7 8. Qb3 Qc8 9. cxd5 exd5 10. Rc1 O-O 11. Nc3 Re8 12. Nd4 Nc5 13. Qd1 Bh3 14. b4 Bxg2 15. Kxg2 Ne6 16. Rab1 Nxd4 17. Bxd4 Qf5 18. b5 h5 19. bxc6 bxc6 20. Qa4 c5 21. Bxf6 Bxf6 22. e4 dxe4 23. Nxe4 Bd4 24. Rc2 h4 25. h3 hxg3 26. fxg3 Rxe4 27. Rf1 Qd5 28. dxe4 Qxe4+ 29. Kh2 Bg1+ 30. Rxg1 Qxa4 31. Rf2 c4 0-1


[Site "https://www.chess.com"]

[Event "Titled Tuesday Blitz August 16 Early 2022"]
[White "Ibarra Jerez, Jose Carlos"]
[Black "Mirimanian, Hayk"]
[WhiteFideId "2226332"]
[BlackFideId "4700180"]
[WhiteElo "2628"]
[BlackElo "2280"]
[Result "1-0"]
[Round "01"]
[TimeControl "180+1"]
[Date "2022.08.16"]
[WhiteClock "0:01:44"]
[BlackClock "0:01:05"]

1. e4 c5 2. Nc3 a6 3. g4 b5 4. Bg2 Bb7 5. d3 e6 6. Nh3 b4 7. Na4 d5 8. exd5 exd5 9. O-O Nd7 10. Re1+ Be7 11. Nf4 Qa5 12. b3 Nb6 13. Nxb6 Qxb6 14. Nxd5 Bxd5 15. Bxd5 Rd8 16. Qf3 Nf6 17. Bc6+ Kf8 18. g5 Rd6 19. Ba4 Nd5 20. Bb2 Nc3 21. Bxc3 bxc3 22. Re5 Re6 23. Rxe6 1-0


[Site "https://www.chess.com"]

[Event "Titled Tuesday Blitz August 16 Early 2022"]
[White "Iljin, Timofey"]
[Black "Bharath Subramaniyam H"]
[WhiteFideId "14110180"]
[BlackFideId "46634827"]
[WhiteElo "2404"]
[BlackElo "2346"]
[Result "1-0"]
[Round "01"]
[TimeControl "180+2"]
[Date "2022.08.18"]
[WhiteClock "0:00:00"]
[BlackClock "0:00:00"]

1. d4 d5 2. c4 e6 3. Nc3 c6 4. e4 dxe4 5. Nxe4 Bb4+ 6. Bd2 Qxd4 7. Bxb4 Qxe4+ 8. Be2 Na6 9. Bd6 Qxg2 10. Qd2 e5 11. Bf3 Qg6 12. Bxe5 Ne7 13. Ne2 f6 14. Ng3 O-O 15. Bh5 Qg5 16. Qxg5 fxg5 17. O-O-O g6 18. Be2 Bf5 19. Bd6 Rf7 20. c5 Nb4 21. Bc4 Nbd5 22. Rhe1 Kg7 23. Be5+ Kf8 24. Bd6 Re8 25. Re5 Bd7 26. Rde1 h6 27. Ne4 Kg7 28. Nc3 Rxf2 29. Bxd5 Nxd5 30. Rxe8 Bxe8 31. Rxe8 Nb4 32. Re7+ Kg8 33. Rxb7 Rf1+ 34. Kd2 Rf2+ 35. Ke3 Rxb2 36. Ke4 a5 37. Ke5 Nd3+ 38. Kf6 Rxb7 39. Ne4 Rf7+ 40. Kxg6 Nf4+ 41. Kxh6 Ne6 42. Kg6 Rf3 43. Nf6+ Kh8 44. Be5 Ng7 45. Nh5 Kg8 46. Bxg7 Ra3 47. Nf6# 1-0


[Site "https://www.chess.com"]

[Event "Titled Tuesday Blitz August 16 Early 2022"]
[White "Issabayev, Dias"]
[Black "Bilych, Olexiy"]
[WhiteFideId "13703110"]
[BlackFideId "14156504"]
[WhiteElo "2291"]
[BlackElo "2157"]
[Result "0-1"]
[Round "01"]
[TimeControl "180+2"]
[Date "2022.08.18"]
[WhiteClock "0:00:00"]
[BlackClock "0:00:00"]

1. e4 e5 2. Nf3 Nc6 3. Nc3 Nf6 4. Bb5 Nd4 5. Bc4 Bc5 6. d3 c6 7. Nxd4 exd4 8. Ne2 d5 9. exd5 Nxd5 10. O-O O-O 11. Nf4 Nxf4 12. Bxf4 Qf6 13. Qf3 g5 14. Bd2 Qxf3 15. gxf3 h6 16. f4 g4 17. Rfe1 Kg7 18. b4 Bd6 19. Re4 Bf5 20. Rxd4 Be7 21. Re1 Rfe8 22. Bb3 Bf6 23. Rd6 Rxe1+ 24. Bxe1 Re8 25. Kf1 Bd8 26. Bc3+ f6 27. Bc4 Be7 28. Rd4 h5 29. a4 h4 30. b5 Bc5 31. bxc6 bxc6 32. a5 h3 33. Bb2 Rb8 34. Bb3 Bxd4 35. Bxd4 Bxd3+ 36. Ke1 Ba6 37. Bxa7 Re8+ 38. Be3 g3 0-1


[Site "https://www.chess.com"]

[Event "Titled Tuesday Blitz August 16 Early 2022"]
[White "Jaferian, Koosha"]
[Black "Estrada Nieto, Julian"]
[WhiteFideId "12507440"]
[BlackFideId "5101018"]
[WhiteElo "2030"]
[BlackElo "2252"]
[Result "1-0"]
[Round "01"]
[TimeControl "180+2"]
[Date "2022.08.18"]
[WhiteClock "0:00:00"]
[BlackClock "0:00:00"]

1. e4 e5 2. Nf3 Nc6 3. d4 exd4 4. Nxd4 Nf6 5. Nc3 Bb4 6. Nxc6 bxc6 7. Bd3 d5 8. Bd2 O-O 9. O-O Rb8 10. exd5 cxd5 11. a3 Bd6 12. b4 Be5 13. Rb1 c6 14. Ne2 Bg4 15. h3 Bh5 16. Qe1 Re8 17. f4 Bd4+ 18. Kh2 Bxe2 19. Bxe2 Ne4 20. c3 Nxc3 21. Bxc3 Bxc3 22. Qxc3 Rxe2 23. Qxc6 Rc8 24. Qa6 Rcc2 25. Rg1 g6 26. Qxa7 Qh4 27. Qa8+ Kg7 28. Qxd5 Qxf4+ 29. Kh1 Qg3 30. Rb3 Qh4 31. Rf3 f5 32. b5 Rcd2 33. Qb3 Kh6 34. b6 Rb2 35. Qd3 Re1 36. Rxe1 Qxe1+ 37. Rf1 Rxb6 38. Rxe1 1-0


[Site "https://www.chess.com"]

[Event "Titled Tuesday Blitz August 16 Early 2022"]
[White "Jain, Naveen"]
[Black "Perez Gormaz, Matias"]
[WhiteFideId "5003970"]
[BlackFideId "3406342"]
[WhiteElo "2036"]
[BlackElo "2341"]
[Result "1/2-1/2"]
[Round "01"]
[TimeControl "180+2"]
[Date "2022.08.18"]
[WhiteClock "0:00:00"]
[BlackClock "0:00:00"]

1. c4 e5 2. g3 c6 3. d4 e4 4. Nc3 d5 5. cxd5 cxd5 6. Bg2 Bb4 7. f3 Nf6 8. Bg5 Nbd7 9. Nh3 O-O 10. O-O Bxc3 11. bxc3 h6 12. Bxf6 Nxf6 13. Nf4 g5 14. Nh3 exf3 15. exf3 Re8 16. Qd3 Bd7 17. Rae1 Qc7 18. Nf2 Rac8 19. Rxe8+ Bxe8 20. Qf5 Kg7 21. Ng4 Nh7 22. f4 Bd7 23. Qe5+ f6 24. Qxc7 Rxc7 25. Ne3 Rxc3 26. Nxd5 Rc2 27. fxg5 hxg5 28. Be4 Rd2 29. Bxh7 Rxd4 30. Nxf6 Bc6 31. Bb1 a5 32. h4 gxh4 33. gxh4 Rxh4 34. Kf2 Rf4+ 35. Ke1 Rxf1+ 36. Kxf1 Kxf6 37. Ke2 Ke5 38. Kd2 Kd4 39. Bh7 b5 40. Bg8 Bd5 41. Bxd5 Kxd5 42. Kc3 Ke4 43. Kc2 Kd4 44. Kd2 Kc4 45. Kc2 Kb4 46. Kb2 Ka4 47. Kc2 Ka3 48. Kb1 Ka4 49. Kb2 Kb4 50. Kc2 a4 51. Kb2 Kc4 52. Kc2 b4 53. Kb2 Kd3 54. Kb1 Kc3 55. Kc1 Kc4 56. Kc2 Kd4 57. Kd2 Kc5 58. Kd3 Kd5 59. Kd2 Kd4 60. Kc2 Ke3 61. Kc1 Ke2 62. Kc2 Ke3 63. Kc1 Kd3 64. Kd1 Kc3 65. Kc1 b3 66. a3 Kd3 67. Kb2 Kd2 68. Kb1 Kd1 69. Kb2 Kd2 70. Kb1 Kc3 71. Kc1 Kc4 72. Kb1 Kd4 73. Kb2 Kd3 74. Kb1 Ke3 75. Kc1 Kd4 76. Kb2 Kd3 77. Kb1 Kc3 78. Kc1 1/2-1/2


[Site "https://www.chess.com"]

[Event "Titled Tuesday Blitz August 16 Early 2022"]
[White "Janaszak, Dawid"]
[Black "Lebedev, Artem S."]
[WhiteFideId "1119206"]
[BlackFideId "34272747"]
[WhiteElo "2165"]
[BlackElo "1699"]
[Result "1-0"]
[Round "01"]
[TimeControl "180+2"]
[Date "2022.08.18"]
[WhiteClock "0:00:00"]
[BlackClock "0:00:00"]

1. e4 e5 2. Nf3 Nc6 3. d4 exd4 4. Nxd4 Nf6 5. Nxc6 bxc6 6. e5 Qe7 7. Qe2 Nd5 8. c4 Ba6 9. h4 Qe6 10. cxd5 cxd5 11. Qxa6 Bb4+ 12. Bd2 Qxe5+ 13. Qe2 Bxd2+ 14. Nxd2 Qe6 1-0


[Site "https://www.chess.com"]

[Event "Titled Tuesday Blitz August 16 Early 2022"]
[White "Jiganchine, Roman"]
[Black "Brodowski, Piotr"]
[WhiteFideId "2603667"]
[BlackFideId "1124480"]
[WhiteElo "2205"]
[BlackElo "2312"]
[Result "0-1"]
[Round "01"]
[TimeControl "180+2"]
[Date "2022.08.18"]
[WhiteClock "0:00:00"]
[BlackClock "0:00:00"]

1. Nf3 d5 2. e3 Nf6 3. c4 g6 4. Nc3 Bg7 5. cxd5 Nxd5 6. Bc4 Nb6 7. Bb3 O-O 8. d4 N8d7 9. O-O c5 10. dxc5 Nxc5 11. Bc2 Bd7 12. Qe2 Rc8 13. Rd1 Qc7 14. Bd2 Be6 15. Rac1 Nc4 16. Nb5 Qb6 17. Nbd4 Nxb2 18. Nxe6 Qxe6 19. Re1 Qxa2 20. Bb4 b6 21. Ra1 Qd5 22. Rxa7 Ncd3 23. Bxd3 Nxd3 24. Rd1 Nxb4 25. Rxd5 Nxd5 26. g3 e6 27. h4 Rc1+ 28. Kg2 Rfc8 29. Qa6 R1c2 30. Ra8 Bf8 31. Rxc8 Rxc8 32. Ne5 b5 33. Qxb5 Rc7 34. Qb8 Re7 35. h5 gxh5 36. Nf3 Nf6 37. Ne5 Kg7 38. Qb1 Rc7 39. Qb4 Bxb4 40. Nf3 Be7 41. Ne5 Kf8 42. Nd3 Ne8 43. Nf4 Ng7 44. Nxh5 Nxh5 45. g4 Ng7 46. Kf3 h6 47. g5 Bxg5 48. e4 Be7 49. Kg4 Ra7 50. f3 Ra6 0-1


[Site "https://www.chess.com"]

[Event "Titled Tuesday Blitz August 16 Early 2022"]
[White "Johnson, Ben"]
[Black "Suder, Jakub"]
[WhiteFideId "2010917"]
[BlackFideId "1195310"]
[WhiteElo "2050"]
[BlackElo "2095"]
[Result "0-1"]
[Round "01"]
[TimeControl "180+2"]
[Date "2022.08.18"]
[WhiteClock "0:00:00"]
[BlackClock "0:00:00"]

1. Nf3 d5 2. e3 Nf6 3. c4 c6 4. Nc3 Bg4 5. cxd5 cxd5 6. Qb3 Bc8 7. Ne5 a6 8. d4 e6 9. Bd3 Nfd7 10. O-O Nxe5 11. dxe5 Nc6 12. f4 Be7 13. Bd2 b5 14. Rad1 Bb7 15. Ne2 Rc8 16. Nd4 Nxd4 17. exd4 Qb6 18. Be3 g6 19. g4 a5 20. Qxb5+ Qxb5 21. Bxb5+ Bc6 22. Bd3 Kd7 23. f5 Rb8 24. b3 a4 25. Bc2 Rhc8 26. fxe6+ fxe6 27. Rf7 Bb5 28. Bg5 Rxc2 29. Rxe7+ Kc6 30. Rxe6+ Kb7 31. Re7+ Ka6 32. b4 Rxa2 33. e6 Re2 34. Rf1 a3 35. Rff7 a2 36. Ra7+ Kb6 37. Rfc7 Re1+ 38. Kf2 Rf1+ 39. Kg2 a1=Q 40. Rxa1 Rxa1 41. Rxh7 Ra2+ 42. Kg3 Re8 43. e7 Ra3+ 44. Kf4 Kc6 45. Ke5 Bc4 46. Rg7 Bd3 47. h4 Be4 48. h5 gxh5 49. gxh5 Rh3 50. h6 Rh5 51. Rf7 Kd7 52. Rf8 Rxg5+ 53. Kf6 Rf5+ 54. Kg7 Rxe7+ 55. Kg8 Rxf8+ 56. Kxf8 Rh7 57. Kg8 Rxh6 58. b5 Rb6 59. Kf8 Ke6 60. Ke8 Rb8# 0-1


[Site "https://www.chess.com"]

[Event "Titled Tuesday Blitz August 16 Early 2022"]
[White "Kakabayev, Mergen"]
[Black "Fernandez Hernandez, Gerardo"]
[WhiteFideId "14002990"]
[BlackFideId "2207400"]
[WhiteElo "2302"]
[BlackElo "2169"]
[Result "1-0"]
[Round "01"]
[TimeControl "180+2"]
[Date "2022.08.18"]
[WhiteClock "0:00:00"]
[BlackClock "0:00:00"]

1. e4 e6 2. d4 d5 3. e5 c5 4. c3 Nc6 5. Nf3 Qb6 6. a3 f6 7. Bd3 fxe5 8. dxe5 c4 9. Bc2 Nh6 10. O-O g6 11. Nbd2 Bg7 12. Re1 Ng4 13. Qe2 O-O 14. h3 Ngxe5 15. Nxe5 Nxe5 16. Nf1 Bd7 17. Be3 Qxb2 18. Bd4 Nc6 19. Bxg7 Kxg7 20. Qd2 Qb6 21. h4 Rf6 22. h5 Raf8 23. Ne3 gxh5 24. Re2 Ne5 25. Rf1 Ng6 26. Nxc4 dxc4 27. Qxd7+ R8f7 28. Qd2 Nf4 29. Re4 Qc6 30. f3 Qc5+ 31. Kh1 Qg5 32. Qf2 h4 33. Rxc4 Qg3 34. Be4 b6 35. Rd4 Rh6 36. Rd2 Qg5 37. Rfd1 h3 38. g4 Rhf6 39. Rd7 Rxd7 40. Rxd7+ Rf7 41. Qd4+ Qf6 42. Rxf7+ Kxf7 43. Qxf6+ Kxf6 44. Bxh7 Ke5 45. Kh2 Kd5 46. g5 e5 47. Be4+ Ke6 48. Kg3 Kf7 49. Bf5 Kg7 50. Bxh3 Kf7 51. Bf5 Kg7 52. Kg4 Ne2 53. c4 Nf4 54. Be4 Ne2 55. Kf5 Nd4+ 56. Kxe5 Nb3 57. f4 Nc5 58. f5 Nd7+ 59. Kd6 Nc5 60. f6+ Kf8 61. Bd5 Nb7+ 62. Bxb7 1-0


[Site "https://www.chess.com"]

[Event "Titled Tuesday Blitz August 16 Early 2022"]
[White "Kambrath, Yannick"]
[Black "Rose, Felix"]
[WhiteFideId "20632525"]
[BlackFideId "5105722"]
[WhiteElo "2236"]
[BlackElo "2039"]
[Result "1-0"]
[Round "01"]
[TimeControl "180+2"]
[Date "2022.08.18"]
[WhiteClock "0:00:00"]
[BlackClock "0:00:00"]

1. d4 d5 2. Nf3 Nf6 3. c4 e6 4. g3 dxc4 5. Bg2 a6 6. O-O Nc6 7. Nc3 Rb8 8. e4 b5 9. d5 Nb4 10. b3 cxb3 11. Qxb3 c5 12. dxc6 Nxc6 13. Bf4 Rb7 14. Rfd1 Rd7 15. e5 Na5 16. Qc2 Nd5 17. Nxd5 Rxd5 18. Rxd5 exd5 19. Bg5 Qd7 20. e6 fxe6 21. Ne5 Qb7 22. Re1 Bd6 23. Bxd5 Qc7 24. Nc6 O-O 25. Ne7+ Kh8 26. Qxc7 Bxc7 27. Be4 Bb7 28. Bxb7 Nxb7 29. Rxe6 Bd6 30. Nd5 h6 31. Be3 Kg8 32. Nc3 Kf7 33. Re4 Rc8 34. Nd5 Rc2 35. a4 Nc5 36. Bxc5 Bxc5 37. axb5 Rxf2 38. Kh1 axb5 39. Nc7 b4 40. Ne6 Be7 41. Kg1 Rc2 42. Nd4 Rc3 43. Ne2 Rc7 44. Rf4+ Ke8 45. Rf3 Rb7 46. Rb3 Kd7 47. Kf1 Kc6 48. Ke1 Kb5 49. Kd2 Kc4 50. Kc2 Ra7 51. Nf4 Ra2+ 52. Rb2 Rxb2+ 53. Kxb2 Bf6+ 54. Kb1 b3 55. Nh5 Bc3 56. Nf4 Kd4 57. Ne2+ Kd3 58. Nf4+ Ke4 59. Kc1 Kf3 60. Nd5 Be5 61. Nb6 1-0


[Site "https://www.chess.com"]

[Event "Titled Tuesday Blitz August 16 Early 2022"]
[White "Kezin, Roman"]
[Black "Girinath, P.D.S."]
[WhiteFideId "24124621"]
[BlackFideId "5000572"]
[WhiteElo "2551"]
[BlackElo "2369"]
[Result "1-0"]
[Round "01"]
[TimeControl "180+2"]
[Date "2022.08.18"]
[WhiteClock "0:00:00"]
[BlackClock "0:00:00"]

1. b3 e6 2. Bb2 f5 3. Nf3 Nf6 4. g3 Be7 5. Bg2 O-O 6. O-O d6 7. d4 Ne4 8. c4 Bf6 9. Nbd2 Nc6 10. e3 Kh8 11. Qc2 Nxd2 12. Nxd2 e5 13. dxe5 dxe5 14. Rfd1 Qe7 15. a3 a5 16. c5 Be6 17. Rac1 Qf7 18. Nc4 e4 19. Bxf6 Qxf6 20. f4 h5 21. Bf1 Rad8 22. Re1 Rd5 23. Qc3 Qxc3 24. Rxc3 Rxc5 25. Rec1 Rd8 26. R3c2 Kh7 27. Be2 g6 28. Kf2 Kg7 29. h3 Kf6 30. g4 hxg4 31. hxg4 fxg4 32. Nd2 Rxc2 33. Nxe4+ Ke7 34. Rxc2 Bf5 35. Rc4 Bxe4 36. Rxe4+ Kf6 37. Bxg4 Rd2+ 38. Kf3 Rb2 39. Be6 Ne7 40. Bc4 Nf5 41. Re6+ Kg7 42. Re5 b6 43. e4 Nd4+ 44. Kg4 Rg2+ 45. Kh3 Rg1 46. Re7+ Kh6 47. Bg8 g5 48. fxg5+ Rxg5 49. Rh7+ Kg6 50. Rxc7 Nf3 51. Rc3 Ne5 52. Be6 Kf6 53. Bf5 Rg1 54. Rc8 Rb1 55. Rc3 Kg5 56. Kg3 Rg1+ 57. Kf2 Ra1 58. a4 Kf4 59. Ke2 Ra2+ 60. Kd1 Nf3 61. Kc1 Nd4 62. Kb1 Rd2 63. Bg6 Ne2 64. Rc2 Rxc2 65. Kxc2 Ng3 66. Kc3 Ke5 67. Kc4 Ne2 68. Bh7 Nd4 69. Bf5 Nc6 70. Bh7 Nd4 71. Bg8 Kxe4 72. Bf7 Ke5 73. Bg8 Ke4 74. Bh7+ Ke5 75. Bb1 Ne2 76. Bd3 Nd4 77. Bf1 Nf3 78. Kb5 Nd2 79. Bc4 1-0


[Site "https://www.chess.com"]

[Event "Titled Tuesday Blitz August 16 Early 2022"]
[White "Khusenkhojaev, Muhammad"]
[Black "Seliverstov, Vladimir"]
[WhiteFideId "14700247"]
[BlackFideId "4192036"]
[WhiteElo "2180"]
[BlackElo "2489"]
[Result "0-1"]
[Round "01"]
[TimeControl "180+1"]
[Date "2022.08.16"]
[WhiteClock "0:01:43"]
[BlackClock "0:02:18"]

1. c4 b6 2. d4 Bb7 3. Nc3 e6 4. Nf3 Bb4 5. Qc2 f5 6. g3 Nf6 7. Bg2 O-O 8. O-O Bxc3 9. Qxc3 Qe8 10. Rd1 Qh5 11. Bf4 d6 12. Qe3 Re8 13. h3 Nbd7 14. Qb3 Kh8 15. Rac1 e5 16. dxe5 dxe5 17. Be3 f4 18. gxf4 exf4 19. Bxf4 Rxe2 20. Qd3 Rae8 21. Rd2 Nc5 22. Qc2 Bxf3 0-1


[Site "https://www.chess.com"]

[Event "Titled Tuesday Blitz August 16 Early 2022"]
[White "Kiseljova, Marya"]
[Black "Gubajdullin, Alexei"]
[WhiteFideId "4155009"]
[BlackFideId "4141202"]
[WhiteElo "1697"]
[BlackElo "2214"]
[Result "0-1"]
[Round "01"]
[TimeControl "180+2"]
[Date "2022.08.18"]
[WhiteClock "0:00:00"]
[BlackClock "0:00:00"]

1. d4 Nf6 2. c4 g6 3. Nc3 Bg7 4. e4 O-O 5. Be2 d6 6. Bg5 Na6 7. Qd2 c5 8. d5 e6 9. O-O-O exd5 10. exd5 Qa5 11. Kb1 Bf5+ 12. Bd3 Bxd3+ 13. Qxd3 Nb4 14. Qh3 Ne4 15. a3 Nxc3+ 16. bxc3 Qxa3 17. Rd2 Bxc3 0-1


[Site "https://www.chess.com"]

[Event "Titled Tuesday Blitz August 16 Early 2022"]
[White "Koniahli, Malek."]
[Black "Garrido, Denis"]
[WhiteFideId "7603495"]
[BlackFideId "601217"]
[WhiteElo "2097"]
[BlackElo "2205"]
[Result "1-0"]
[Round "01"]
[TimeControl "180+2"]
[Date "2022.08.18"]
[WhiteClock "0:00:00"]
[BlackClock "0:00:00"]

1. e4 c6 2. Nf3 d5 3. Nc3 Nf6 4. e5 Ne4 5. d3 Nxc3 6. bxc3 Bg4 7. h3 Bxf3 8. Qxf3 e6 9. d4 Qa5 10. Bd2 Qa4 11. Bd3 Nd7 12. O-O Be7 13. Qg3 g6 14. Bh6 Qa3 15. Rab1 b5 16. Rb3 Qxa2 17. f4 Qa5 18. f5 exf5 19. e6 fxe6 20. Re1 Kf7 21. Qe3 e5 22. Qf2 e4 23. g4 Rhg8 24. Kh1 Ke6 25. gxf5+ gxf5 26. Rf1 Raf8 27. Bxf8 Rxf8 28. Be2 Qc7 29. Qg2 Bf6 30. Rxf5 Rf7 31. Qg8 Ke7 32. Bh5 Rg7 33. Qe8+ Kd6 34. Bg4 Qd8 35. Qh5 a5 36. Rb1 Qe7 37. Rbf1 a4 38. Qh6 Rg6 39. Qf4+ Ke6 40. Rxf6# 1-0


[Site "https://www.chess.com"]

[Event "Titled Tuesday Blitz August 16 Early 2022"]
[White "Korelskiy, Egor"]
[Black "So, Wesley"]
[WhiteFideId "34329064"]
[BlackFideId "5202213"]
[WhiteElo "2077"]
[BlackElo "2763"]
[Result "0-1"]
[Round "01"]
[TimeControl "180+1"]
[Date "2022.08.16"]
[WhiteClock "0:00:43"]
[BlackClock "0:01:16"]

1. e4 c5 2. Nf3 d6 3. d4 cxd4 4. Nxd4 Nf6 5. Nc3 a6 6. h3 e5 7. Nde2 h5 8. g3 Be7 9. Bg2 b5 10. O-O O-O 11. Be3 Be6 12. f4 Nbd7 13. b3 Nb6 14. f5 Bd7 15. Qd2 Rc8 16. Rac1 Bc6 17. Nd5 Bxd5 18. exd5 Nbd7 19. Rfd1 Re8 20. c4 bxc4 21. bxc4 Nc5 22. Kh2 Qd7 23. Qc2 Nh7 24. Nc3 Bg5 25. Bxg5 Nxg5 26. Rf1 Nh7 27. Qe2 Nf6 28. g4 hxg4 29. hxg4 Nh7 30. Qe3 f6 31. Ne4 Nxe4 32. Bxe4 Ng5 33. Bg2 e4 34. c5 dxc5 35. Rxc5 Qd6+ 0-1


[Site "https://www.chess.com"]

[Event "Titled Tuesday Blitz August 16 Early 2022"]
[White "Koridze, Lile"]
[Black "Bekturov, Tamerlan"]
[WhiteFideId "13612514"]
[BlackFideId "13710184"]
[WhiteElo "2050"]
[BlackElo "2128"]
[Result "1-0"]
[Round "01"]
[TimeControl "180+2"]
[Date "2022.08.18"]
[WhiteClock "0:00:00"]
[BlackClock "0:00:00"]

1. d4 Nf6 2. c4 e6 3. Nc3 d5 4. Nf3 a6 5. g3 dxc4 6. Bg2 b5 7. O-O Bb7 8. Bg5 Nbd7 9. e4 Be7 10. a3 Nxe4 11. Bxe7 Qxe7 12. Qe2 Nxc3 13. bxc3 O-O 14. a4 Nf6 15. Ne5 Bxg2 16. Kxg2 Qd6 17. Rfb1 c6 18. Qf3 Nd5 19. Kg1 f6 20. Ng4 Rfb8 21. Re1 Re8 22. Re2 Nb6 23. axb5 axb5 24. Rae1 Nd5 25. h4 Ra3 26. Rc2 b4 27. Qe2 Rxc3 28. Rxc3 bxc3 29. Qxc4 Rb8 30. Kh2 Kf7 31. Ra1 Rb7 32. Ra6 Rc7 33. Ne3 Qb4 34. Qd3 Qb5 35. Nc4 Rd7 36. Ra5 Qb4 37. Rc5 Ne7 38. Qxh7 Rxd4 39. Qh5+ Kg8 40. Qe8+ Kh7 41. Rh5# 1-0


[Site "https://www.chess.com"]

[Event "Titled Tuesday Blitz August 16 Early 2022"]
[White "Korsunsky, Yuri"]
[Black "Harshavardhan G B"]
[WhiteFideId "14102722"]
[BlackFideId "25059009"]
[WhiteElo "2394"]
[BlackElo "1890"]
[Result "0-1"]
[Round "01"]
[TimeControl "180+2"]
[Date "2022.08.18"]
[WhiteClock "0:00:00"]
[BlackClock "0:00:00"]

1. e4 c5 2. c3 Nf6 3. e5 Nd5 4. d4 cxd4 5. Nf3 Nc6 6. Bc4 Nb6 7. Bb3 d5 8. exd6 Qxd6 9. O-O Bg4 10. Bxf7+ Kd8 11. Bb3 e5 12. Re1 Be7 13. h3 Bh5 14. g4 Bg6 15. cxd4 exd4 16. Bg5 Bxg5 17. Nxg5 Kd7 18. Nd2 Rae8 19. Qf3 Rhf8 20. Qg2 Qf4 21. Be6+ Kd8 22. Ngf3 Nb4 23. Rad1 Nd3 24. Re2 Nxb2 25. Rde1 Nd3 26. Rd1 Rf6 27. Nc4 Rfxe6 28. Rxe6 Rxe6 29. Nxb6 axb6 30. Nh4 Be4 31. Qg3 Qxg3+ 32. fxg3 Rc6 33. Nf5 Bxf5 34. gxf5 Rc1 0-1


[Site "https://www.chess.com"]